 Dungeon Crawl Stone Soup version 0.27-a0-1324-ge0d8e047f6 (webtiles) character file.

Game seed: 6648259422370895630

0 Gwenloh the Chiller (level 1, -3/10 HPs)
             Began as a Deep Elf Ice Elementalist on June 24, 2021.
             Slain by a worm (9 damage)
             ... on level 2 of the Dungeon.
             The game lasted 00:01:08 (132 turns).

Gwenloh the Chiller (Deep Elf Ice Elementalist)      Turns: 132, Time: 00:01:09

Health: -3/10      AC:  2    Str:  5    XL:     1   Next: 8%
Magic:  4/6        EV: 12    Int: 19    God:
Gold:   0          SH:  0    Dex: 15    Spells: 5/6 levels left

rFire    . . .     SeeInvis .   (no weapon)
rCold    . . .     Faith    .   (no shield)
rNeg     . . .     Spirit   .   a - +0 robe
rPois    .         Reflect  .   (no helmet)
rElec    .         Harm     .   (no cloak)
rCorr    .         Rampage  .   (no gloves)
Will     .....                  (no boots)
Stlth    ++........             (no amulet)
HPRegen  0.03/turn              (no ring)
MPRegen  0.10/turn              (no ring)

@: very slightly contaminated
A: no striking features
a: no special abilities


You were on level 2 of the Dungeon.
You visited 1 branch of the dungeon, and saw 2 of its levels.

Inventory:

Missiles
 b - 3 atropa-tipped darts
Armour
 a - a +0 robe (worn)


   Skills:
 + Level 2.4 Dodging
 - Level 2.4 Stealth
 + Level 3.0 Spellcasting
 * Level 4.4 Ice Magic


You had 5 spell levels left.
You knew the following spells:

 Your Spells              Type           Power      Damage    Failure   Level
a - Freeze                Ice            76%        1d9       2%          1

Your spell library contained the following spells:

 Spells                   Type           Power      Damage    Failure   Level
 Frozen Ramparts          Ice            38%        1d5       8%          3
 Ozocubu's Armour         Ice            19%        N/A       8%          3
 Hailstorm                Conj/Ice       11%        3d5       52%         4
 Metabolic Englaciation   Hex/Ice        5%         N/A       86%         5


Dungeon Overview and Level Annotations

Branches:
Dungeon (1/15)

Altars:


Message History

There is a dry fountain, spattered with blood here.
You fall into a shaft and drop 1 floor!
The shaft crumbles and collapses.
Found 3 atropa-tipped darts.
A ball python comes into view.
You see here 3 atropa-tipped darts.
b - 3 atropa-tipped darts The ball python hisses angrily.
Casting: Freeze (safe; 2% risk of failure)
Confirm with . or Enter, or press ? or * to list all spells.
Aiming: Freeze (safe; 2% risk of failure)
Press: ? - help, Shift-Dir - straight line, f - ball python
Aim: a ball python You freeze the ball python!
You kill the ball python!
You start resting.
Magic restored.
Found a stone staircase leading down.
Found a stone staircase leading down.
There is a stone staircase leading down here.
A worm comes into view.
A worm is nearby!
Casting: Freeze (safe; 2% risk of failure)
Confirm with . or Enter, or press ? or * to list all spells.
Aiming: Freeze (safe; 2% risk of failure)
Press: ? - help, Shift-Dir - straight line, f - worm
Aim: a worm You miscast Freeze.
You are very lightly contaminated with residual magic.
Nothing appears to happen.
The worm bites you.
Casting: Freeze (safe; 2% risk of failure)
Confirm with . or Enter, or press ? or * to list all spells.
Aiming: Freeze (safe; 2% risk of failure)
Press: ? - help, Shift-Dir - straight line, f/p - worm
Aim: a worm You freeze the worm.
The worm is lightly wounded.
The worm bites you!
Ouch! That really hurt!
You die...

#.##.###..#......#
#
#.##.###..#.....##
#
#.........####..#
# #.......... ...#
#.##.####.# ##.##
# #.#...# #.# #+#
# #.#.#.# #
#.#...# # . #
#.##@w###.#...
#............. ##
##............ +.
##...####.... ##
##..# ... #####.#
#.....# #.#####
#.#


You could see a worm.

Vanquished Creatures
  A ball python (D:2)
1 creature vanquished.

Notes
Turn   | Place    | Note
-------+----------+-------------------------------------------
     0 | D:1      | Gwenloh the Deep Elf Ice Elementalist began the quest for
                  | the Orb.
     0 | D:1      | Reached XP level 1. HP: 10/10 MP: 6/6
     7 | D:1      | You fall into a shaft and drop 1 floor!
   132 | D:2      | Slain by a worm

Illustrated notes

Levels and vault maps discovered:
D:1:      amcnicky_arrival_gap_in_the_tavern_cellar, layout_loops_cross,
          serial_bayou_crossing
D:2:      layout_loops_corners, basic_altar, minmay_puff, uniq_robin

Action                   || total
-------------------------++-------
 Cast: Freeze            ||     2

Table legend: (Time is in decaauts)
 A = Elapsed time spent in this place.
 B = Non-inter-level travel time spent in this place.
 C = Inter-level travel time spent in this place.
 D = Time resting spent in this place.
 E = Time spent auto-exploring this place.
 F = Levels seen in this place.
 G = Mean time per level.
                   A        B        C        D        E       F      G
               +--------+--------+--------+--------+--------+-----+--------+
         Total |    131 |    131 |      0 |      8 |      7 |   2 |   65.5 |
       Dungeon |    131 |    131 |      0 |      8 |      7 |   2 |   65.5 |
               +--------+--------+--------+--------+--------+-----+--------+

Top non-repeatable levels by time:
     D:2: 124 daAuts
     D:1: 7 daAuts
